Map: 에버 드림 - 래더

Players

Astrea - Winner!

  • Race: Protoss Protoss
  • Spawn Location: 1:00

DPGCure (Cure)

  • Race: Terran Terran
  • Spawn Location: 7:00

Event: StayAtHomestory Cup #2

VOD

Have the link to the VOD?

Description

Time

  • Played on: June 11, 2020, 6:30 a.m.
  • Length: 17:56

All games in this series

Show
View Real Time Build Order
Export as new Build Order

Astrea Protoss - Winner!

Build Orders: 1 Gate Expand, Phoenix Opening, Zealot Archon 

Get SALT Encoding   

  12  0:00  Probe  
  13  0:13  Probe  
  14  0:17  Pylon  
  14  0:23  Probe  
  15  0:31  Probe  
  15  0:36  Gateway  
  15  0:39  Probe  
  16  0:45  Assimilator  
  17  0:51  Probe  
  18  1:03  Probe  
  19  1:15  Probe  
  20  1:26  Cybernetics Core  
  20  1:32  Nexus  
  20  1:34  Probe  
  21  1:44  Pylon  
  21  1:46  Probe  
  22  1:50  Assimilator  
  22  1:52  Adept  
  22  1:59  Probe  
  23  2:05  Warp Gate  
  25  2:11  Probe  
  25  2:15  Stalker  
  26  2:17  Shield Battery  
  26  2:23  Probe  
  29  2:35  Probe  
  29  2:45  Probe  
  29  2:47  Probe  
  30  2:53  Probe  
  30  2:56  Stargate  
  31  2:59  Probe  
  31  3:02  Probe  
  33  3:09  Gateway  
  33  3:11  Probe  
  34  3:13  Gateway  
  34  3:17  Probe  
  35  3:21  Sentry  
  35  3:23  Probe  
  35  3:26  Pylon  
  38  3:29  Probe  
  38  3:30  Phoenix  
  39  3:36  Probe  
  39  3:41  Probe  
  43  3:47  Phoenix  
  43  3:48  Probe  
  44  3:53  Probe  
  45  4:01  Probe  
  48  4:05  Probe  
  48  4:07  Phoenix  
  48  4:08  Pylon  
  49  4:13  Probe  
  52  4:18  Nexus  
  52  4:19  Pylon  
  52  4:23  Probe  
  53  4:28  Assimilator  
  53  4:30  Probe  
  54  4:31  Assimilator  
  54  4:32  Phoenix  
  54  4:38  Probe  
  57  4:39  Pylon  
  57  4:43  Forge, Probe  
  58  4:48  Phoenix  
  58  4:50  Probe  
  58  4:52  Protoss Ground Armor Level 1  
  61  5:01  Probe  
  62  5:07  Probe  
  62  5:08  Twilight Council  
  62  5:13  Probe  
  64  5:21  Gateway  
  64  5:22  Probe  
  64  5:23  Gateway  
  64  5:25  Probe  
  64  5:26  Charge, Phoenix  
  64  5:27  Gateway  
  68  5:31  Probe  
  68  5:34  Probe  
  70  5:37  Probe  
  70  5:43  Probe  
  70  5:46  Probe  
  70  5:49  Probe  
  73  5:51  Phoenix  
  75  6:00  Sentry, Zealot x2  
  75  6:01  Gateway x2  
  81  6:04  Pylon  
  81  6:05  Probe  
  81  6:09  Probe  
  83  6:23  Pylon, Zealot x6  
  95  6:29  Templar Archives  
  95  6:31  Phoenix  
  97  6:43  Zealot x5  
  107  6:48  Pylon x2  
  107  6:49  Protoss Ground Weapons Level 1  
  107  6:50  Probe x2  
  109  7:00  Robotics Facility  
  109  7:06  Probe x2  
  109  7:15  High Templar x2, Zealot  
  111  7:16  Zealot x5  
  111  7:19  Pylon  
  111  7:20  Archon  
  125  7:30  Pylon  
  125  7:31  Pylon x2  
  125  7:44  Zealot x4  
  125  7:49  Zealot  
  125  7:50  Zealot x3  
  140  7:51  Phoenix  
  120  8:12  Zealot x8  
  114  8:16  Phoenix  
  114  8:20  Assimilator x2  
  114  8:21  Observer  
  114  8:23  Psionic Storm  
  114  8:25  Probe x3  
  117  8:32  Pylon  
  118  8:36  High Templar x3  
  124  8:44  Protoss Ground Weapons Level 2  
  124  8:45  Pylon  
  124  8:50  High Templar  
  124  8:51  Warp Prism  
  126  8:57  Nexus  
  126  8:58  Pylon  
  126  9:01  Zealot x4  
  134  9:11  Blink  
  134  9:17  Robotics Bay  
  134  9:19  Robotics Facility  
  134  9:37  Zealot x8  
  148  9:44  Pylon  
  148  9:45  Pylon  
  146  9:46  Observer  
  124  9:55  Archon  
  124  9:56  Archon  
  124  9:57  Observer  
  111  10:11  Colossus, Zealot x7  
  111  10:13  Colossus  
  136  10:35  Extended Thermal Lance  
  132  10:48  Probe x2  
  118  10:55  High Templar x4  
  118  10:56  Stalker x3  
  132  11:02  Warp Prism  
  132  11:03  Gateway  
  132  11:05  Nexus  
  132  11:07  Pylon  
  132  11:13  Colossus  
  140  11:20  Observer, Pylon  
  139  11:33  Zealot x3  
  139  11:34  Stalker x4  
  139  11:35  Probe x3  
  156  11:41  Photon Cannon  
  156  11:56  Stalker x3  
  156  12:00  Zealot x3  
  167  12:05  Zealot  
  167  12:07  Zealot  
  155  12:22  Observer, Stalker x4  
  153  12:35  Observer  
  142  12:44  Protoss Ground Armor Level 2  
  142  12:47  High Templar x5, Zealot x2  
  142  12:48  Zealot  
  158  13:04  Nexus  
  158  13:07  Warp Prism  
  158  13:14  Stalker  
  158  13:15  Stalker x2  
  164  13:21  Stalker x4  
  150  13:36  Zealot  
  144  13:51  Zealot x7  
  149  14:03  Observer, Photon Cannon  
  146  14:19  High Templar  
  146  14:20  High Templar, Zealot x6  
  129  14:45  Zealot x4  
  86  15:35  Observer  
  65  17:05  High Templar x5  
Show
View Real Time Build Order
Export as new Build Order

DPGCure Terran 

Build Orders:  

Get SALT Encoding   

  12  0:00  SCV  
  13  0:12  SCV  
  14  0:17  Supply Depot  
  14  0:25  SCV  
  15  0:38  SCV  
  15  0:39  Barracks  
  15  0:42  Refinery  
  16  0:50  SCV  
  17  1:02  SCV  
  18  1:15  SCV  
  20  1:25  Reaper  
  20  1:27  Orbital Command  
  20  1:44  Command Center  
  20  1:47  Supply Depot  
  20  1:52  SCV  
  21  1:58  Barracks Tech Lab  
  21  2:04  SCV, Bunker  
  22  2:16  Concussive Shells, Marauder  
  22  2:17  SCV  
  25  2:27  Barracks  
  25  2:29  SCV  
  25  2:37  Marauder  
  25  2:41  SCV  
  27  2:51  Barracks  
  27  2:53  SCV  
  27  2:56  Orbital Command  
  28  2:59  Marauder  
  28  3:04  Stimpack  
  30  3:05  SCV  
  30  3:08  Refinery  
  31  3:17  Barracks Reactor  
  31  3:18  SCV  
  32  3:20  Marine  
  32  3:23  SCV  
  34  3:30  SCV  
  35  3:35  SCV  
  35  3:38  Marine  
  35  3:39  Supply Depot  
  35  3:40  Marine  
  38  3:42  SCV  
  38  3:45  Factory  
  38  3:47  SCV  
  40  3:51  Refinery  
  40  3:52  Refinery  
  40  3:54  SCV  
  40  3:55  Engineering Bay  
  41  3:56  Marine  
  41  3:59  SCV  
  43  4:03  Bunker  
  43  4:06  SCV, Marine  
  45  4:10  Supply Depot  
  45  4:11  SCV  
  46  4:18  SCV, Barracks Tech Lab  
  46  4:21  Terran Infantry Weapons Level 1  
  46  4:24  SCV  
  48  4:30  SCV, Factory Reactor, Starport  
  49  4:36  Supply Depot  
  49  4:37  SCV  
  50  4:42  SCV, Marauder  
  50  4:43  Combat Shield  
  53  4:46  Marine  
  53  4:48  Marine  
  53  4:51  SCV  
  56  4:54  SCV  
  56  4:55  Marauder  
  56  4:59  Supply Depot  
  59  5:03  SCV  
  59  5:05  Supply Depot  
  59  5:06  SCV  
  61  5:16  SCV, Factory Reactor  
  61  5:17  Medivac x2  
  61  5:18  SCV  
  61  5:20  Marauder  
  61  5:21  Marauder  
  71  5:23  Marine  
  71  5:24  Marine  
  71  5:26  Supply Depot  
  73  5:31  SCV, Supply Depot  
  73  5:32  SCV  
  75  5:41  Marine x2  
  75  5:42  Marine x2  
  73  5:44  SCV x2  
  73  5:47  Missile Turret  
  75  5:53  Missile Turret  
  75  5:56  SCV x2  
  77  5:59  Marine x3, Medivac  
  77  6:00  Marine  
  83  6:08  Widow Mine  
  83  6:09  Widow Mine  
  87  6:15  Terran Infantry Armor Level 1  
  87  6:18  Marine x2, Marauder x2  
  91  6:22  SCV x2  
  93  6:30  Medivac  
  93  6:32  Widow Mine x2  
  99  6:35  Supply Depot  
  99  6:37  Supply Depot  
  99  6:39  Marauder  
  90  6:41  Marine x2  
  90  6:45  Marauder  
  92  6:48  SCV x2  
  92  6:52  Medivac  
  96  7:00  SCV x2, Widow Mine x2  
  102  7:02  Supply Depot  
  102  7:04  Supply Depot  
  102  7:07  Marine  
  102  7:08  Marine, Marauder x2  
  107  7:17  Medivac  
  107  7:22  Medivac  
  111  7:29  Command Center, Marauder x2  
  115  7:30  Marine  
  115  7:31  Marine  
  115  7:35  Widow Mine x2  
  121  7:43  SCV  
  121  7:44  SCV  
  123  7:46  Supply Depot  
  123  7:49  Supply Depot  
  115  8:04  Marine x2  
  115  8:05  Medivac x2, Widow Mine x2, Marauder x2  
  94  8:26  SCV x2  
  94  8:27  Widow Mine x2  
  100  8:31  Armory, Marauder x2  
  100  8:32  Factory  
  100  8:33  Barracks  
  100  8:34  Barracks  
  104  8:35  Marine x2  
  106  8:42  Orbital Command  
  106  8:45  Medivac x2  
  109  8:53  Marine x2, Marauder x2  
  115  8:57  Widow Mine  
  115  8:58  Widow Mine  
  119  9:06  Orbital Command  
  119  9:11  SCV x2, Marine x2  
  119  9:15  Marauder x2  
  127  9:17  Factory Tech Lab  
  127  9:22  Barracks Reactor, Barracks Tech Lab  
  127  9:24  Widow Mine x2  
  131  9:27  Terran Infantry Weapons Level 2  
  131  9:30  Missile Turret  
  130  9:39  SCV x2  
  130  9:40  SCV  
  130  9:44  Marine x2, Marauder x3  
  139  9:47  Widow Mine  
  136  9:59  Marine x2  
  105  10:00  Widow Mine x2  
  105  10:03  Medivac  
  105  10:05  Marauder x2  
  111  10:08  Marine x2, Widow Mine  
  111  10:09  Marauder  
  117  10:17  Marine x2  
  121  10:21  Widow Mine  
  121  10:23  SCV x3  
  121  10:26  Marine x3  
  121  10:27  Marauder  
  125  10:30  Marauder  
  125  10:32  Widow Mine x2  
  125  10:33  Medivac  
  125  10:35  Marine x2  
  125  10:43  Widow Mine  
  125  10:45  Marauder  
  125  10:46  Marine x2  
  125  10:48  Marauder  
  121  10:52  Marine x2, Marauder  
  121  10:53  Medivac  
  121  10:54  Widow Mine x2  
  129  11:03  Barracks x3, Medivac  
  129  11:04  Marine  
  129  11:06  Marauder  
  129  11:09  Marine, Marauder  
  129  11:10  Marine x2  
  137  11:13  Widow Mine, Marauder  
  137  11:15  Widow Mine x2  
  145  11:22  Marine, Supply Depot x2  
  145  11:23  Medivac  
  148  11:27  Marauder  
  148  11:31  Marauder  
  152  11:35  Marauder  
  152  11:39  Marine x3  
  157  11:40  Marine  
  157  11:43  Terran Infantry Armor Level 2  
  158  11:49  Marauder  
  158  11:50  Supply Depot x2  
  158  11:52  Marauder  
  162  11:56  Marine, Marauder  
  168  12:03  Widow Mine x3  
  168  12:07  Barracks Reactor, Barracks Tech Lab x2  
  171  12:10  Marauder  
  171  12:14  Marauder  
  170  12:21  Marine x4  
  170  12:22  Marauder  
  163  12:24  Widow Mine  
  163  12:25  Widow Mine x2  
  147  12:32  Marauder  
  147  12:34  Marine  
  146  12:39  Marine x3  
  146  12:40  Medivac, Marine, Marauder x2  
  146  12:42  Orbital Command  
  146  12:43  Marauder  
  156  12:46  Widow Mine x3  
  162  12:52  Marine  
  162  12:55  Refinery x2  
  163  13:00  Marine x2  
  163  13:01  Marine x3, Marauder x2  
  168  13:07  Marine, Marauder  
  165  13:18  Marine x4, Marauder  
  170  13:22  Marauder  
  170  13:27  Marine  
  172  13:29  Marine x3, Marauder  
  160  13:34  Orbital Command  
  160  13:36  Marine, Marauder  
  158  13:44  Widow Mine x3, Medivac  
  143  13:58  Marine x4, Marauder  
  143  13:59  Marauder  
  134  14:05  Widow Mine  
  134  14:06  Medivac  
  134  14:08  Marine  
  139  14:12  Marine x3  
  136  14:21  Marine x2  
  136  14:22  Marauder  
  133  14:28  Marine x2  
  127  14:41  Widow Mine x2  
  45  15:34  Orbital Command  
  31  16:05  Orbital Command  
  31  16:20  SCV  
  32  16:32  SCV  
  28  16:44  Barracks Tech Lab  
  22  16:50  SCV  
  13  17:02  SCV  
Tags
 
Add a new tag
Caveats
  • Supply blocks, unpowered buildings, or Contaminate may cause inaccurate times.
  • Supply counts are checked every 10 seconds.